 Dungeon Crawl Stone Soup version 0.25-a0-781-gc44aebf4fe (webtiles) character file.

Game seed: 11609607442182406769, levelgen mode: deterministic

2097 Maedhros the Martial Artist (level 9, 0/53 HPs)
             Began as an Octopode Artificer on Apr 15, 2020.
             Was a Believer of Cheibriados.
             Slain by a sky beast (6 damage)
             ... on level 7 of the Dungeon.
             The game lasted 00:07:21 (5430 turns).

Maedhros the Martial Artist (Octopode Artificer)    Turns: 5430, Time: 00:07:22

Health: 0/53       AC:  5    Str: 17    XL:     9   Next: 28%
Magic:  11/11      EV: 13    Int: 18    God:    Cheibriados [**....]
Gold:   266        SH:  4    Dex: 20    Spells: 8/8 levels left

rFire    . . .     SeeInvis .     - Unarmed
rCold    . . .     Gourm    .   p - +0 buckler
rNeg     . . .     Faith    .   (helmet restricted)
rPois    .         Spirit   .   (no amulet)
rElec    .         Reflect  .   m - +4 ring of protection
rCorr    .         Harm     .   t - ring of flight
MR       .....                  (no ring)
Stlth    +++++.....             (no ring)
HPRegen  0.17/turn              (no ring)
MPRegen  0.12/turn              (no ring)
                                (no ring)
                                (no ring)

@: very slow
A: almost no armour, stealthy swim, amphibious, 8 rings, constrict 8, camouflage
1, gelatinous body 1
a: Bend Time, Renounce Religion, Evoke Flight


You were on level 7 of the Dungeon.
You worshipped Cheibriados.
Cheibriados was pleased with you.
You were not hungry.

You visited 2 branches of the dungeon, and saw 8 of its levels.

You collected 266 gold pieces.

Inventory:

Armour
 p - a +0 buckler (worn)
Jewellery
 m - a +4 ring of protection (left tentacle)
 t - a ring of flight (right tentacle)
Wands
 b - a wand of flame (2)
 c - a wand of enslavement (2)
 d - a wand of random effects (1)
 j - a wand of acid (6)
Scrolls
 e - 5 scrolls of remove curse {unknown}
 g - 2 scrolls of enchant weapon {unknown}
 h - 2 scrolls of teleportation {unknown}
 i - 6 scrolls of identify {unknown}
 n - a scroll of amnesia {unknown}
 o - 2 scrolls of immolation {unknown}
 w - a scroll of blinking {unknown}
Potions
 a - a potion of brilliance {unknown}
 k - 2 potions of mutation {unknown}
 l - a potion of flight {unknown}
 q - a potion of might {unknown}
 r - a potion of stabbing
 s - 2 potions of curing {unknown}
 u - a potion of lignification
Comestibles
 f - 15 rations


   Skills:
 - Level 1.0 Fighting
   Level 1.0 Short Blades
 - Level 2.0 Dodging
 - Level 8.0 Stealth
 * Level 10.4 Unarmed Combat
 - Level 3.2 Evocations


You had 8 spell levels left.
You didn't know any spells.
Your spell library contained the following spells:

 Spells                   Type           Power        Failure   Level  Hunger
 Animate Skeleton         Necr           N/A          36%         1    ##.....
 Apportation              Tloc           #.....       36%         1    ##.....
 Corona                   Hex            #......      36%         1    ##.....
 Freeze                   Ice            #...         36%         1    ##.....
 Summon Small Mammal      Summ           #...         36%         1    ##.....
 Frozen Ramparts          Ice            #.....       73%         3    ####...
 Ozocubu's Armour         Chrm/Ice       #.......     73%         3    ####...
 Hailstorm                Conj/Ice       #.......     98%         4    #####..
 Summon Ice Beast         Ice/Summ       #.......     98%         4    #####..


Dungeon Overview and Level Annotations

Branches:
Dungeon (7/15)             Temple (1/1) D:6

Altars:
Ashenzari
Cheibriados
Dithmenos
Elyvilon
Fedhas
Gozag
Hepliaklqana
Makhleb
Nemelex Xobeh
Okawaru
Qazlal
Sif Muna
Trog
Uskayaw
Vehumet
Wu Jian
Xom
Yredelemnul
Zin
The Shining One

Shops:
D:5 [}


Innate Abilities, Weirdness & Mutations

You cannot wear most types of armour.
You are very stealthy in the water. (Stealth+)
You are amphibious.
You can wear up to eight rings at the same time.
You can use your tentacles to constrict eight enemies at once.
Your skin changes colour to match your surroundings (Stealth+).
Your rubbery body absorbs attacks. (AC +1, EV +1)


Message History

Press: ? - help, Shift-Dir - straight line, f - black bear
Aim: a black bear (chance to defeat MR: 55%)
The black bear resists with significant effort.
The black bear bites you.
* * * LOW HITPOINT WARNING * * *
You block the black bear's attack. The black bear barely misses you.
Something hits you but does no damage.
Evoke which item? (* to show all) (? for menu, Esc to quit)
Aiming: Enslavement
Press: ? - help, Shift-Dir - straight line, f - black bear
Aim: a black bear (chance to defeat MR: 55%)
The black bear resists with significant effort.
You block the black bear's attack. The black bear claws you.
* * * LOW HITPOINT WARNING * * *
The black bear claws you.
* * * LOW HITPOINT WARNING * * *
Something hits you.
* * * LOW HITPOINT WARNING * * *
Something shocks you.
You die...

. #.####.._..## #.
#..#.######.#... ##.###
#.[#.##.......##
#.....##..#.##.#####.#
#............#.## #.#
#$......#.#.#...####.#
#......###...........##
#....{h.#.#.#...####...
#.....@..#...#.## #.##
#...$..†....##.# #.##
#........#####.# #...
#........# #.# ####
#...####.. ..# (....
#.## ### .... #.# ....
#.# ..#


You could see a black bear.

Vanquished Creatures
  Grinder (D:3)
  A wyvern (D:7)
  Edmund (D:6)
  A black bear (D:7)
  2 sky beasts (D:5)
  A phantom (D:7)
  2 ice beasts
  4 ogres
  A centaur (D:5)
  2 bullfrogs
  A big kobold (D:7)
  A scorpion (D:6)
  2 crimson imps (D:6)
  2 bullfrog skeletons
  2 hounds
  An orc priest (D:4)
  2 centaur skeletons
  Terence (D:3)
  3 orc wizards
  3 worker ants
  An adder (D:3)
  A shadow imp (D:5)
  4 oozes
  5 dart slugs
  2 leopard geckos (D:4)
  8 orcs
  9 bats
  3 giant cockroaches
  13 goblins
  5 hobgoblins
  6 jackals
  6 quokkas
  6 frilled lizards
  13 kobolds
  9 rats
125 creatures vanquished.

Vanquished Creatures (collateral kills)
  An orc wizard (D:3)
  An iguana (D:5)
  A goblin (D:3)
3 creatures vanquished.

Vanquished Creatures (others)
  An orc priest (D:6)
1 creature vanquished.

Grand Total: 129 creatures vanquished

Notes
Turn   | Place    | Note
-------+----------+-------------------------------------------
     0 | D:1      | Maedhros the Octopode Artificer began the quest for the
                  | Orb.
     0 | D:1      | Reached XP level 1. HP: 13/13 MP: 3/3
   101 | D:1      | Reached skill level 1 in Unarmed Combat
   101 | D:1      | Reached XP level 2. HP: 9/18 MP: 4/4
   222 | D:1      | Found a glowing golden altar of the Shining One.
   386 | D:2      | Reached skill level 2 in Unarmed Combat
   386 | D:2      | Reached XP level 3. HP: 19/23 MP: 5/5
   595 | D:4      | Reached XP level 4. HP: 10/28 MP: 6/6
   772 | D:4      | Reached skill level 3 in Unarmed Combat
   918 | D:3      | Noticed Grinder
   971 | D:3      | Killed Grinder
   971 | D:3      | Reached skill level 4 in Unarmed Combat
   971 | D:3      | Reached XP level 5. HP: 12/33 MP: 7/7
  1086 | D:3      | Reached XP level 6. HP: 25/38 MP: 8/8
  1390 | D:3      | Noticed Terence
  1397 | D:3      | Killed Terence
  1397 | D:3      | Reached skill level 5 in Stealth
  1650 | D:5      | Entered Level 5 of the Dungeon
  1659 | D:5      | Reached skill level 5 in Unarmed Combat
  1669 | D:5      | Reached XP level 7. HP: 43/43 MP: 9/9
  1697 | D:5      | Found Emmuthra's Antique Armour Emporium.
  1726 | D:5      | Reached skill level 6 in Unarmed Combat
  1736 | D:5      | Found a bloodstained altar of Trog.
  2144 | D:5      | Found Niogui's Gadget Shoppe.
  2322 | D:5      | Found an iron altar of Okawaru.
  2443 | D:5      | Reached skill level 7 in Unarmed Combat
  2443 | D:5      | Reached XP level 8. HP: 38/48 MP: 10/10
  2515 | D:6      | Noticed a +0 dagger
  2519 | D:6      | Noticed a +0 dagger
  2522 | D:6      | Found a hide-covered altar of Uskayaw.
  2808 | D:6      | Found an opulent altar of Gozag.
  2832 | D:6      | Found a staircase to the Ecumenical Temple.
  2844 | Temple   | Entered the Ecumenical Temple
  2891 | Temple   | Became a worshipper of Cheibriados the Contemplative
  3336 | D:4      | Reached skill level 8 in Unarmed Combat
  3916 | D:1      | Reached * piety under Cheibriados
  4475 | D:2      | Found a burning altar of Makhleb.
  4984 | D:6      | Found a stormy altar of Qazlal.
  4988 | D:6      | Noticed Edmund
  5001 | D:6      | Killed Edmund
  5135 | D:6      | Reached skill level 9 in Unarmed Combat
  5155 | D:7      | Reached XP level 9. HP: 38/53 MP: 11/11
  5226 | D:7      | Reached skill level 10 in Unarmed Combat
  5306 | D:7      | Reached ** piety under Cheibriados
  5353 | D:7      | Found an iron altar of Okawaru.
  5366 | D:7      | Found a shattered altar of Ashenzari.
  5430 | D:7      | Slain by a sky beast

Levels and vault maps discovered:
D:1:      minmay_arrival_checkered_box, layout_loops_ring, tso_metal_star
D:2:      layout_loops_ring, marbit_many_paths, minmay_misc_feat_chi
D:3:      layout_loops_cross, uniq_grinder, uniq_terence
D:4:      layout_gridville, serial_glass, glass_columns_a, glass_columns_c,
          st_stairs_1
D:5:      layout_rooms, lemuel_round_altar, lightli_temple_of_fire,
          serial_shops, shop, shop, serial_curves, eino_curves_02,
          eino_curves_04, first_ration
D:6:      layout_gridville, kennysheep_mini, grunt_qazlal_sundering,
          dancing_weapons_uskayaw, minmay_temple_entry_gardened_gates,
          uniq_edmund
D:7:      layout_loops_ring, kiku_gazebo_pond_becter, lemuel_crystal_altar,
          basic_altar
Temple:   nicolae_temple_god_jail

Skill      XL: |  1  2  3  4  5  6  7  8  9 |
---------------+----------------------------+-----
Stealth        | 2 3 4 5 7 8 |  8.0
Unarmed Combat | 1 2 4 5 7 9 10 | 10.4
Fighting       | |  1.0
Short Blades   | |  1.0
Dodging        | |  2.0
Evocations     | |  3.2

Action                   |  1- 3 |  4- 6 |  7- 9 || total
-------------------------+-------+-------+-------++-------
Melee: Short sword       |    60 |    57 |    53 ||   170
       Constrict         |    12 |     8 |    44 ||    64
       Tentacles         |    10 |     5 |    52 ||    67
       Punch             |     1 |     1 |    15 ||    17
       Unarmed           |       |       |   154 ||   154
Evoke: Wand              |     1 |    16 |    24 ||    41
  Use: Potion            |     1 |     3 |       ||     4
 Stab: Sleeping          |     3 |     2 |    12 ||    17
       Paralysed         |       |     2 |       ||     2
  Eat: Chunk             |       |     2 |    11 ||    13
Armor: Skin              |     7 |    14 |    40 ||    61
Dodge: Dodged            |    41 |    18 |   111 ||   170
Block: Buckler           |       |       |    20 ||    20

Table legend:
 A = Non-vault XP
 B = Vault XP
 C = Vault XP percentage of total XP
 D = Non-vault monster count
 E = Vault monster count
 F = Vault count percentage of total count
                 A         B        C        D         E       F
            +---------+---------+-------+---------+---------+-------
      Total |    2651 |     346 |  11.5 |     124 |       4 |   3.1
            +---------+---------+-------+---------+---------+-------
        D:1 |      54 |       0 |   0.0 |      24 |       0 |   0.0
        D:2 |      51 |       2 |   3.8 |      22 |       1 |   4.3
        D:3 |     137 |     180 |  56.8 |      25 |       2 |   7.4
        D:4 |     161 |       0 |   0.0 |      10 |       0 |   0.0
        D:5 |     814 |       0 |   0.0 |      14 |       0 |   0.0
        D:6 |     602 |     164 |  21.4 |      13 |       1 |   7.1
        D:7 |     832 |       0 |   0.0 |      16 |       0 |   0.0
            +---------+---------+-------+---------+---------+-------
